Map: Prion Terraces

Players

Magnus

  • Race: Protoss Protoss

Mindele - Winner!

  • Race: Terran Terran
  • League: Bronze

VOD

Have the link to the VOD?

Description

Time

  • Played on: May 14, 2016, 5:17 p.m.
  • Length: 7:14
Show
View Real Time Build Order
Export as new Build Order

Magnus Protoss 

Build Orders: Colossus Rush 

Get SALT Encoding   

  12  0:15  Pylon  
  12  0:20  Probe (Chrono Boost)  
  13  0:30  Probe (Chrono Boost)  
  14  0:37  Gateway  
  14  0:41  Probe (Chrono Boost)  
  15  0:48  Assimilator  
  15  0:52  Probe (Chrono Boost)  
  16  1:02  Probe (Chrono Boost)  
  17  1:04  Assimilator  
  17  1:14  Probe (Chrono Boost)  
  18  1:25  Zealot  
  20  1:44  Cybernetics Core  
  20  1:46  Probe (Chrono Boost)  
  21  1:57  Probe (Chrono Boost), Gateway  
  21  1:59  Pylon  
  22  2:23  Warp Gate (Chrono Boost)  
  22  2:24  Twilight Council  
  22  2:37  Robotics Facility  
  22  2:52  Nexus  
  22  2:56  Mothership Core (Chrono Boost)  
  26  3:15  Stalker (Chrono Boost)  
  26  3:24  Pylon  
  26  3:32  Forge  
  26  3:42  Pylon  
  26  3:53  Probe, Robotics Bay  
  27  4:05  Probe  
  28  4:17  Probe  
  28  4:19  Probe  
  30  4:29  Probe x2  
  30  4:31  Photon Cannon  
  32  4:41  Probe  
  33  4:45  Colossus  
  39  4:53  Probe  
  40  5:05  Probe  
  41  5:07  Pylon  
  41  5:13  Assimilator  
  41  5:15  Assimilator  
  41  5:23  Templar Archives  
  41  5:28  Photon Cannon  
  33  5:49  Stalker  
  33  5:50  Stalker  
  20  6:15  Stalker x2  
  20  6:43  Mothership Core (Chrono Boost)  
  17  6:47  Stalker x2  
Show
View Real Time Build Order
Export as new Build Order

Mindele Terran - Winner!

Build Orders:  

Get SALT Encoding   

  12  0:01  SCV  
  13  0:13  SCV  
  14  0:19  Supply Depot  
  14  0:25  SCV  
  15  0:41  SCV  
  16  0:44  Barracks  
  16  0:53  SCV  
  16  0:56  Barracks  
  17  1:05  SCV  
  17  1:08  Refinery  
  18  1:18  Refinery  
  18  1:19  SCV  
  19  1:33  Orbital Command  
  19  1:53  Marine x2  
  21  1:55  Supply Depot  
  21  2:00  SCV  
  22  2:12  Marine  
  23  2:17  Marine, SCV  
  25  2:23  Supply Depot  
  25  2:27  Barracks  
  25  2:29  SCV  
  27  2:41  Reaper x2, SCV  
  29  2:50  Supply Depot  
  29  2:53  SCV  
  30  3:05  SCV  
  30  3:07  Barracks  
  31  3:18  Supply Depot, Marine  
  32  3:29  SCV  
  32  3:31  Marine x2  
  35  3:41  Supply Depot, SCV  
  35  3:44  Marine  
  37  4:08  SCV  
  38  4:10  Reaper  
  38  4:11  Reaper, Marine  
  38  4:12  Marine  
  42  4:21  SCV  
  43  4:28  Supply Depot, Barracks  
  43  4:32  Marine  
  44  4:46  Marine x2  
  44  4:48  Marine  
  44  4:50  SCV  
  48  5:00  Supply Depot  
  48  5:02  SCV  
  48  5:03  Marine  
  50  5:11  Marine  
  50  5:12  Marine  
  50  5:42  Marine x2  
  48  5:43  Marine x2  
  52  5:51  Marine  
  46  6:14  Marine  
  46  6:15  Marine x3  
  48  6:37  Marine x2  
  49  6:44  Marine x2  
  51  6:47  Marine  
Tags
 
Add a new tag
Caveats
  • Supply blocks, unpowered buildings, or Contaminate may cause inaccurate times.
  • Supply counts are checked every 10 seconds.